 Dungeon Crawl Stone Soup version 0.24.0-13-gcf9b3192b9 (webtiles) character file.

Game seed: 11910990323850375213, levelgen mode: deterministic

2461 SaintRoka the Magician (level 9, 0/69 (70) HPs)
             Began as a Gnoll Skald on Nov 6, 2019.
             Was a Priest of Cheibriados.
             Slain by a hornet zombie (12 damage)
             ... on level 7 of the Dungeon.
             The game lasted 00:17:39 (3127 turns).

SaintRoka the Magician (Gnoll Skald)                Turns: 3127, Time: 00:17:40

HP:   0/69 (70)     AC:  5    Str: 21    XL:     9   Next: 50%
MP:   6/18          EV: 17    Int: 26    God:    Cheibriados [***...]
Gold: 250           SH:  3    Dex: 21    Spells: 12/21 levels left

rFire    . . .     SeeInvis .   q - +3 whip
rCold    . . .     Gourm    .   (no shield)
rNeg     . . .     Faith    .   b - +0 leather armour
rPois    .         Spirit   .   (no helmet)
rElec    .         Reflect  +   z - scarf {repulsion}
rCorr    .         Harm     .   g - +1 pair of gloves
MR       .....                  (no boots)
Stlth    ++++......             x - +3 amulet of reflection
HPRegen  0.21/turn              A - ring of flight (curse)
MPRegen  0.16/turn              n - ring of stealth

@: infused, repel missiles, very slow
A: distributed training, fangs 1, strong nose
a: Bend Time, Temporal Distortion, Renounce Religion, Evoke Flight


You were on level 7 of the Dungeon.
You worshipped Cheibriados.
Cheibriados was most pleased with you.
You were not hungry.

You visited 2 branches of the dungeon, and saw 9 of its levels.
You also visited: Sewer.

You collected 250 gold pieces.

Inventory:

Hand Weapons
 a - a +0 spear
 l - a +0 long sword
 q - a +3 whip (weapon)
 P - a +1 long sword of electrocution
 Q - a +0 flail
 R - a +0 scimitar
Missiles
 c - 152 stones (quivered)
 p - 84 arrows
 t - 13 poisoned darts
 y - 5 curare-tipped darts
Armour
 b - a +0 leather armour (worn)
 e - a +0 ring mail
 g - a +1 pair of gloves (worn)
 i - a +0 scale mail
 z - a scarf of repulsion (worn)
Jewellery
 j - an uncursed ring of fire
 n - a ring of stealth (right hand)
 x - a +3 amulet of reflection (around neck)
 A - a cursed ring of flight (left hand)
 C - a +5 amulet of reflection
Wands
 h - a wand of paralysis (5)
 E - a wand of polymorph (15)
 K - a wand of disintegration (8)
 L - a wand of flame (25)
Scrolls
 f - 3 scrolls of remove curse
 k - a scroll of random uselessness
 o - 2 scrolls of enchant weapon {unknown}
 r - 2 scrolls of amnesia {unknown}
 s - a scroll of immolation
 w - 2 scrolls of fog {unknown}
 D - a scroll of blinking {unknown}
 H - 2 scrolls of magic mapping {unknown}
 I - 2 scrolls of teleportation {unknown}
 J - a scroll of fear {unknown}
 N - a scroll of identify
Potions
 m - 2 potions of brilliance
 u - 2 potions of flight {unknown}
 v - 5 potions of curing
 B - a potion of haste {unknown}
 F - a potion of lignification
 G - a potion of ambrosia {unknown}
 M - a potion of degeneration {unknown}
Comestibles
 d - 13 rations
 O - 5 chunks of flesh


   Skills:
 + Level 6.3 Fighting
 + Level 4.2 Short Blades
 + Level 4.2 Long Blades
 + Level 4.2 Axes
 + Level 4.2 Maces & Flails
 + Level 6.3 Polearms
 + Level 4.2 Staves
 + Level 4.2 Slings
 + Level 4.2 Bows
 + Level 4.2 Crossbows
 + Level 4.2 Throwing
 + Level 5.0 Armour
 + Level 6.3 Dodging
 + Level 4.2 Stealth
 + Level 4.2 Shields
 + Level 4.2 Unarmed Combat
 + Level 6.6 Spellcasting
 + Level 3.5 Conjurations
 + Level 3.5 Hexes
 + Level 6.5 Charms
 + Level 3.5 Summonings
 + Level 3.5 Necromancy
 + Level 3.5 Translocations
 + Level 3.5 Transmutations
 + Level 3.5 Fire Magic
 + Level 3.5 Ice Magic
 + Level 3.5 Air Magic
 + Level 3.5 Earth Magic
 + Level 3.5 Poison Magic
 + Level 4.6 Invocations
 + Level 4.2 Evocations


You had 12 spell levels left.
You knew the following spells:

 Your Spells              Type           Power        Failure   Level  Hunger
a - Infusion              Chrm           ####         1%          1    None
b - Shroud of Golubria    Chrm/Tloc      ####..       1%          2    None
c - Spectral Weapon       Hex/Chrm       ####....     2%          3    None
r - Regeneration          Chrm/Necr      ####......   2%          3    None

Your spell library contained the following spells:

 Spells                   Type           Power        Failure   Level  Hunger
 Song of Slaying          Chrm           #####...     1%          2    None


Dungeon Overview and Level Annotations

Branches:
Dungeon (8/15)             Temple (1/1) D:5           Sewer (visited)
   Lair: D:8-11

Altars:
Cheibriados
Dithmenos
Gozag
Kikubaaqudgha
Nemelex Xobeh
Ru
Sif Muna
Trog
Vehumet
Yredelemnul


Innate Abilities, Weirdness & Mutations

Your experience applies equally to all skills.
You have very sharp teeth.
Your uncanny sense of smell can sniff out nearby items.


Message History

You are too injured to fight recklessly!
You are too injured to fight recklessly!
You are too injured to fight recklessly!
You are too injured to fight recklessly!
You are too injured to fight recklessly!
You are too injured to fight recklessly!
You are too injured to fight recklessly!
You hit the hornet zombie.
The hornet zombie is heavily damaged.
The hornet zombie closely misses you.
You whack the hornet zombie!
The hornet zombie is severely damaged.
The hornet zombie hits you!
* * * LOW HITPOINT WARNING * * *
The hornet zombie hits you!
* * * LOW HITPOINT WARNING * * *
You hit the hornet zombie.
The hornet zombie is almost destroyed.
The hornet zombie hits you!
You die...

##........##
#....)..>..# #.#
.#..........# #.#
.#..........# #.#
#..........# #.#
#...F....h.# #.#
###........## #.#
..#........# #.#
#........... #@#
...........####Z#####
.............rZ.>..#
............#
............#
..#.........# .
#.........#
#...........#
#.#.....(...#


You could see a worker ant zombie, a hornet zombie and a quokka.

Vanquished Creatures
  2 hippogriffs
  A phantom (D:5)
  2 orc warriors (D:8)
  4 necrophages
  4 ogres
  2 centaurs
  3 bullfrogs
  A wyvern zombie (D:6)
  A crimson imp (D:5)
  5 hounds
  A quasit (D:3)
  An orc priest (D:3)
  A gnoll shaman (D:4)
  6 orc wizards
  A bullfrog skeleton (D:5)
  An iguana (D:4)
  2 worker ants
  A hound zombie (D:8)
  3 gnolls (D:4)
  5 adders
  A shadow imp (D:8)
  2 oozes
  3 worms
  4 dart slugs
  12 leopard geckos
  16 orcs
  8 giant cockroaches
  3 goblins
  4 hobgoblins
  5 jackals
  4 quokkas
  4 ball pythons
  4 bats
  5 frilled lizards
  A jackal skeleton (D:2)
  4 kobolds
  2 rats
129 creatures vanquished.

Vanquished Creatures (others)
  2 spectral weapons
2 creatures vanquished.

Grand Total: 131 creatures vanquished

Notes
Turn   | Place    | Note
-------+----------+-------------------------------------------
     0 | D:1      | SaintRoka the Gnoll Skald began the quest for the Orb.
     0 | D:1      | Reached XP level 1. HP: 20/20 MP: 6/6
   137 | D:3      | Noticed an orc wizard
   177 | D:2      | Noticed a howler monkey
   245 | D:2      | Reached XP level 2. HP: 26/26 MP: 7/7
   249 | D:2      | Learned a level 2 spell: Shroud of Golubria
   415 | D:3      | Reached skill level 5 in Spellcasting
   415 | D:3      | Reached skill level 1 in Invocations
   415 | D:3      | Reached XP level 3. HP: 31/31 MP: 0/9
   618 | D:3      | Reached skill level 1 in Short Blades
   618 | D:3      | Reached skill level 1 in Long Blades
   618 | D:3      | Reached skill level 1 in Axes
   618 | D:3      | Reached skill level 1 in Maces & Flails
   618 | D:3      | Reached skill level 1 in Staves
   618 | D:3      | Reached skill level 1 in Slings
   618 | D:3      | Reached skill level 1 in Bows
   618 | D:3      | Reached skill level 1 in Crossbows
   618 | D:3      | Reached skill level 1 in Throwing
   618 | D:3      | Reached skill level 1 in Stealth
   618 | D:3      | Reached skill level 1 in Shields
   618 | D:3      | Reached skill level 1 in Unarmed Combat
   618 | D:3      | Reached skill level 1 in Evocations
   629 | D:3      | Reached XP level 4. HP: 37/38 MP: 0/11
   700 | D:4      | Reached skill level 1 in Conjurations
   700 | D:4      | Reached skill level 1 in Hexes
   700 | D:4      | Reached skill level 1 in Summonings
   700 | D:4      | Reached skill level 1 in Necromancy
   700 | D:4      | Reached skill level 1 in Translocations
   700 | D:4      | Reached skill level 1 in Transmutations
   700 | D:4      | Reached skill level 1 in Fire Magic
   700 | D:4      | Reached skill level 1 in Ice Magic
   700 | D:4      | Reached skill level 1 in Air Magic
   700 | D:4      | Reached skill level 1 in Earth Magic
   700 | D:4      | Reached skill level 1 in Poison Magic
   715 | D:4      | Reached XP level 5. HP: 38/43 MP: 0/12
   838 | D:3      | Learned a level 3 spell: Regeneration
   941 | D:3      | Reached XP level 6. HP: 50/50 MP: 8/13
   999 | D:3      | Found a shadowy altar of Dithmenos.
  1062 | D:3      | Found an opulent altar of Gozag.
  1062 | D:3      | Found a snail-covered altar of Cheibriados.
  1070 | D:3      | Became a worshipper of Cheibriados the Contemplative
  1151 | D:3      | Found a bloodstained altar of Trog.
  1291 | D:4      | Learned a level 3 spell: Spectral Weapon
  1359 | D:4      | Reached skill level 5 in Fighting
  1359 | D:4      | Reached skill level 5 in Polearms
  1359 | D:4      | Reached skill level 5 in Dodging
  1428 | D:4      | Found a basalt altar of Yredelemnul.
  1467 | D:5      | Entered Level 5 of the Dungeon
  1527 | D:5      | Reached XP level 7. HP: 40/56 MP: 15/15
  1570 | D:5      | Found a radiant altar of Vehumet.
  1574 | D:5      | Found an ancient bone altar of Kikubaaqudgha.
  1575 | D:5      | Found a shimmering blue altar of Sif Muna.
  1578 | D:5      | Identified Sif Muna's Incunabulum of Good Luck
  1599 | D:5      | Found a staircase to the Ecumenical Temple.
  1646 | Temple   | Entered the Ecumenical Temple
  2032 | D:6      | Reached * piety under Cheibriados
  2070 | D:6      | Found a glowing drain.
  2089 | Sewer    | Entered a sewer
  2213 | Sewer    | Reached ** piety under Cheibriados
  2291 | Sewer    | Reached XP level 8. HP: 63/63 MP: 7/16
  2510 | D:7      | Noticed a hippogriff
  2522 | D:7      | Killed a hippogriff
  2736 | D:8      | Noticed a hippogriff
  2751 | D:8      | Killed a hippogriff
  2751 | D:8      | Reached XP level 9. HP: 63/69 MP: 4/18
  2888 | D:7      | Reached *** piety under Cheibriados
  3008 | D:8      | Reached skill level 5 in Armour
  3127 | D:7      | Slain by a hornet zombie

Levels and vault maps discovered:
D:1:      ldierk_water_garden, layout_basic
D:2:      layout_basic, moated_statue, uniq_sigmund
D:3:      layout_loops_ring, bloody_trog, minitemple, chequers_jeans
D:4:      layout_cave_pools, nicolae_overflow_hidden_temple, first_ration
D:5:      layout_basic, grunt_temple_overflow_magic_moments,
          minmay_temple_entry_arrows
D:6:      layout_layer_cave, gup_sewer_entry_pipe
D:7:      layout_rooms
D:8:      layout_rooms, grunt_ministairs_10
Temple:   nicolae_temple_great_sept

Skill      XL: |  1  2  3  4  5  6  7  8  9 |
---------------+----------------------------+-----
Spellcasting   | 5 6 |  6.6
Invocations    | 1 2 3 4 |  4.6
Short Blades   | 1 2 3 4 |  4.2
Long Blades    | 1 2 3 4 |  4.2
Axes           | 1 2 3 4 |  4.2
Maces & Flails | 1 2 3 4 |  4.2
Staves         | 1 2 3 4 |  4.2
Slings         | 1 2 3 4 |  4.2
Bows           | 1 2 3 4 |  4.2
Crossbows      | 1 2 3 4 |  4.2
Throwing       | 1 2 3 4 |  4.2
Stealth        | 1 2 3 4 |  4.2
Shields        | 1 2 3 4 |  4.2
Unarmed Combat | 1 2 3 4 |  4.2
Evocations     | 1 2 3 4 |  4.2
Conjurations   | 1 2 3 |  3.5
Hexes          | 1 2 3 |  3.5
Summonings     | 1 2 3 |  3.5
Necromancy     | 1 2 3 |  3.5
Translocations | 1 2 3 |  3.5
Transmutations | 1 2 3 |  3.5
Fire Magic     | 1 2 3 |  3.5
Ice Magic      | 1 2 3 |  3.5
Air Magic      | 1 2 3 |  3.5
Earth Magic    | 1 2 3 |  3.5
Poison Magic   | 1 2 3 |  3.5
Armour         | 3 4 5 |  5.0
Fighting       | 5 6 |  6.3
Polearms       | 5 6 |  6.3
Dodging        | 5 6 |  6.3
Charms         | 6 |  6.5

Action                   |  1- 3 |  4- 6 |  7- 9 || total
-------------------------+-------+-------+-------++-------
Melee: Spear             |    68 |    90 |       ||   158
       Bite              |     3 |    12 |    40 ||    55
       Unarmed           |       |     3 |       ||     3
       Whip              |       |    75 |   277 ||   352
       Punch             |       |       |     5 ||     5
 Cast: Infusion          |     9 |     6 |     6 ||    21
       Shroud of Golubri |     3 |     5 |    11 ||    19
       Regeneration      |       |     2 |     6 ||     8
       Spectral Weapon   |       |     2 |    18 ||    20
Invok: Bend Time         |       |     1 |     2 ||     3
Evoke: Wand              |       |       |     5 ||     5
  Use: Scroll            |       |     3 |     2 ||     5
       Potion            |       |     5 |     1 ||     6
 Stab: Sleeping          |     1 |     1 |     4 ||     6
       Distracted        |       |       |     3 ||     3
       Paralysed         |       |       |     7 ||     7
  Eat: Chunk             |       |     2 |     6 ||     8
Armor: Leather armour    |    10 |    68 |    54 ||   132
       Skin              |       |    13 |       ||    13
Dodge: Dodged            |    31 |   121 |   230 ||   382
       Deflected         |       |       |     1 ||     1
Block: Other             |       |       |    35 ||    35
